 Dungeon Crawl Stone Soup version 0.31-a0-222-gefeffbb62a (webtiles) character file.

Game seed: 2609859004979922793

99 qw the Shooter (level 4, -1/26 HPs)
             Began as a Gargoyle Hexslinger on July 4, 2023.
             Slain by Sigmund
             ... wielding a +3 vampiric scythe
              (3 damage)
             ... on level 2 of the Dungeon.
             The game lasted 00:00:39 (1003 turns).

qw the Shooter (Gargoyle Hexslinger)                Turns: 1003, Time: 00:00:40

Health: -1/26      AC: 13    Str: 11    XL:     4   Next: 72%
Magic:  5/5        EV: 10    Int: 14    God:
Gold:   105        SH:  0    Dex: 14    Spells: 4/5 levels left

rFire   . . .        Y - +1 sling
rCold   . . .        (no shield)
rNeg    + . .        g - +0 ring mail
rPois   inf          (no helmet)
rElec   +            (no cloak)
rCorr   .            d - +0 pair of gloves
SInv    .            (no boots)
Will    .....        (no amulet)
Stlth   +            e - +4 ring of protection
HPRegen 0.24/turn    (no ring)
MPRegen 0.09/turn

%: no passive effects
@: no status effects
A: sickness immunity, AC +3, negative energy resistance 1, electricity
resistance, torment resistance 1, petrification resistance
a: no special abilities


You were on level 2 of the Dungeon.
You visited 1 branch of the dungeon, and saw 2 of its levels.

You collected 127 gold pieces.
You spent 22 gold pieces at shops.


Innate Abilities, Weirdness & Mutations

You are immune to sickness and miasma.
Your stone body is resilient. (AC +3)
You are immune to poison.
You resist negative energy. (rN+)
You are resistant to electric shocks. (rElec)
You are resistant to unholy torment.
You are immune to petrification.


   Skills:
 - Level 2.0 Fighting
 + Level 4.3 Ranged Weapons
 - Level 1.0 Armour
 - Level 1.5 Dodging
 - Level 1.0 Spellcasting
 - Level 2.6 Hexes


You had 4 spell levels left.
You knew the following spells:

 Your Spells              Type           Power      Damage    Failure   Level
a - Slow                  Hex            32%        N/A       21%         1

Your spell library contained the following spells:

 Spells                   Type           Power      Damage    Failure   Level
 Inner Flame              Hex/Fire       4%         N/A       71%         3
 Portal Projectile        Hex/Tloc       8%         N/A       71%         3
 Cause Fear               Hex            4%         N/A       90%         4

Inventory:

Hand Weapons
 Y - a +1 sling (weapon)
Armour
 d - a +0 pair of gloves (worn)
 g - a +0 ring mail (worn)
Jewellery
 e - a +4 ring of protection (left hand)
 j - a +1 ring of evasion
Scrolls
 a - 3 scrolls of identify
 b - a scroll of vulnerability {unknown}
 c - a scroll of teleportation {unknown}
 f - a scroll of revelation {unknown}
 i - a scroll of silence {unknown}
Potions
 h - a potion of brilliance {unknown}

Dungeon Overview and Level Annotations

Branches:
Dungeon (2/15)

Altars:

Shops:
D:1 *   D:2 =

Annotations:
D:2 Sigmund


Message History

You shoot a sling bullet.
The sling bullet closely misses Sigmund.
Sigmund casts a spell at you.
The puff of flame hits you but does no damage.
Sigmund casts a spell at you.
You are confused.
Sigmund zaps a wand.
The puff of flame hits you.
Sigmund hits you from afar with a +3 vampiric scythe!
Enter note:
Enter note:
Enter note:
Enter note:
Enter note:
Enter note: Sigmund hits you from afar with a +3 vampiric scythe.
You feel less confused.
Sigmund points at you and mumbles some strange words.
The magic dart hits you.
Enter note:
Enter note: Sigmund mumbles some strange words.
Sigmund flickers and vanishes!
Deactivating autopickup; reactivate with Ctrl-A.
Autopickup is now on.
Enter note:
Enter note:
Enter note:
Enter note: You start resting.
You hear some strange, mumbled words.
Deactivating autopickup; reactivate with Ctrl-A.
Something tries to affect you, but you resist.
Autopickup is now on.
You start resting.
Something hits you but does no damage.
Deactivating autopickup; reactivate with Ctrl-A.
Autopickup is now on.
You start resting.
Something hits you.
You die...

#########.#...#.#.###
#.#...#.#.#
#.........###
###...#####.. ##
#...#####.# ....#####
#.........#
#......######...#####.#
#..###.................
#<.@................
......#.................
...^#.#.######..[#####.#
... # #.# #..........#
.# ..# #..>.#.##### ..##
#....#.### ...
#........#
..######....#.#.#
#.........#.#.###


There were no monsters in sight!

Vanquished Creatures
  Jessica (D:2)
  2 adders (D:2)
  A dart slug (D:1)
  8 ball pythons
  4 bats (D:1)
  6 endoplasms
  A giant cockroach (D:2)
  5 goblins
  3 hobgoblins (D:2)
  2 jackals (D:2)
  6 kobolds
  3 quokkas (D:1)
  A frilled lizard (D:1)
  6 rats
49 creatures vanquished.

Notes
Turn   | Place    | Note
-------+----------+-------------------------------------------
     0 | D:1      | qw the Gargoyle Hexslinger began the quest for the Orb.
     0 | D:1      | Reached XP level 1. HP: 12/12 MP: 2/2
     0 | D:1      | 0 ||| qw: Version: 0.3-a-46-gb1f654a
     0 | D:1      | 0 ||| qw: Game counter: 900
     0 | D:1      | 0 ||| qw: Melee chars always use a shield: true
     0 | D:1      | 0 ||| qw: God list: Okawaru
     0 | D:1      | 0 ||| qw: Allow faded altars: false
     0 | D:1      | 0 ||| qw: Do Orc after clearing Dungeon:15 true
     0 | D:1      | 0 ||| qw: Do second Lair branch before Depths: true
     0 | D:1      | 0 ||| qw: Lair rune preference: random
     0 | D:1      | 0 ||| qw: Goals: Normal
     0 | D:1      | 0 ||| PLANNING D:1-11
    46 | D:1      | Found Baroxzep's General Store.
    51 | D:1      | Found a faded altar of an unknown god.
    54 | D:1      | Reached XP level 2. HP: 16/16 MP: 3/3
    58 | D:1      | 58 ||| SHOPLISTING scroll of enchant armour (90 gold, have
                  | 2).
    58 | D:1      | 58 ||| SHOPLISTING scroll of enchant weapon (90 gold, have
                  | 2).
    58 | D:1      | 58 ||| SHOPLISTING scroll of teleportation (36 gold, have
                  | 2).
   111 | D:1      | Reached skill level 3 in Ranged Weapons
   239 | D:1      | Reached XP level 3. HP: 20/21 MP: 4/4
   437 | D:1      | 437 ||| UPGRADING to +0 pair of gloves.
   442 | D:1      | 442 ||| UPGRADING to +0 ring mail.
   452 | D:1      | 452 ||| DROPPING +0 robe.
   453 | D:1      | 453 ||| UPGRADING to +4 ring of protection.
   454 | D:1      | 454 ||| READING 4 scrolls labelled MEIQOBB SELUO.
   455 | D:1      | 455 ||| READING scroll labelled QIDAIRENUF.
   456 | D:1      | 456 ||| DROPPING scroll of poison.
   652 | D:2      | Found Plog's One-of-a-Kind Rings.
   667 | D:2      | Reached skill level 1 in Armour
   685 | D:2      | 685 ||| BUYING +1 ring of evasion (22 gold).
   685 | D:2      | Bought a +1 ring of evasion for 22 gold pieces
   685 | D:2      | 685 ||| SHOPLISTING +3 ring of dexterity (110 gold, have
                  | 61).
   685 | D:2      | 685 ||| SHOPLISTING ring of Ilaom {Ice rCorr Int+3} (482
                  | gold, have 61).
   685 | D:2      | 685 ||| SHOPLISTING ring of Veqi {rF+ EV+5} (550 gold, have
                  | 61).
   779 | D:2      | Reached XP level 4. HP: 21/26 MP: 5/5
   866 | D:2      | Noticed Jessica
   873 | D:2      | Killed Jessica
   874 | D:2      | Reached skill level 4 in Ranged Weapons
   980 | D:2      | Noticed Sigmund
   996 | D:2      | HP: 6/26 [Sigmund/+3 vampiric scythe (4)]
   997 | D:2      | HP: 1/26 [Sigmund/magic dart (5)]
  1003 | D:2      | Slain by Sigmund

Levels and vault maps discovered:
D:1:      dpeg_arrival_fog, layout_basic, serial_shops,
          nicolae_shop_pleasant_corner_grove, ebering_ecumenical_altar_rust
D:2:      layout_loops_cross, hangedman_feature_mirror,
          nicolae_shop_unique_rings, uniq_sigmund, uniq_jessica

Skill      XL: |  1  2  3  4 |
---------------+-------------+-----
Ranged Weapons | 3 4 |  4.3
Fighting       | 2 |  2.0
Armour         | 1 |  1.0
Dodging        | |  1.5
Spellcasting   | |  1.0
Hexes          | |  2.6

Action                     |  1- 3 |  4- 6 || total
---------------------------+-------+-------++-------
   Fire: Sling             |   135 |    39 ||   174
    Use: Scroll            |     2 |       ||     2
 Armour: Robe              |     8 |       ||     8
         Ring mail         |    31 |    15 ||    46
  Dodge: Dodged            |    60 |    10 ||    70

Table legend:
 A = Non-vault XP
 B = Vault XP
 C = Vault XP percentage of total XP
 D = Non-vault monster count
 E = Vault monster count
 F = Vault count percentage of total count
                 A         B        C        D         E       F
            +---------+---------+-------+---------+---------+-------
      Total |      87 |      55 |  38.7 |      44 |       5 |  10.2
            +---------+---------+-------+---------+---------+-------
        D:1 |      50 |       0 |   0.0 |      29 |       0 |   0.0
        D:2 |      37 |      55 |  59.8 |      15 |       5 |  25.0
            +---------+---------+-------+---------+---------+-------
